 Dungeon Sprint DCSS version 0.26-a0-663-g36e8fdb655 (webtiles) character file.

Game seed: 11291957305595747667

25 zazu2006 the Skirmisher (level 3, -2/35 HPs)
             Began as a Gnoll Wanderer on Oct 12, 2020.
             Slain by a wolf (11 damage)
             ... in the Dungeon (Sprint III: "The Ten Rune Challenge").
             The game lasted 00:00:50 (269 turns).

zazu2006 the Skirmisher (Gnoll Wanderer)             Turns: 269, Time: 00:00:50

Health: -2/35      AC:  2    Str: 13    XL:     3   Next: 4%
Magic:  5/5        EV: 13    Int: 15    God:
Gold:   9          SH:  0    Dex: 15    Spells: 5/5 levels left

rFire    . . .     SeeInvis .   a - +2 falchion
rCold    . . .     Faith    .   (no shield)
rNeg     . . .     Spirit   .   e - +0 robe
rPois    .         Reflect  .   (no helmet)
rElec    .         Harm     .   (no cloak)
rCorr    .         Rampage  .   (no gloves)
MR       .....     NoTele   +   (no boots)
Stlth    ++........             (no amulet)
HPRegen  0.11/turn              (no ring)
MPRegen  0.09/turn              (no ring)

@: no status effects
A: distributed training, fangs 1, strong nose
a: no special abilities


You were in the Dungeon.
You visited 1 branch You collected 9 gold pieces.

Inventory:

Hand Weapons
 a - a +2 falchion (weapon)
 b - a +0 shortbow
Missiles
 c - 28 arrows
 l - 4 boomerangs (quivered)
Armour
 e - a +0 robe (worn)
Wands
 d - a wand of random effects (15)
Scrolls
 k - a scroll of blinking
Potions
 f - a potion of curing
 g - a potion of heal wounds
 h - a potion of haste
 i - 2 potions of magic


   Skills:
 + Level 6.7 Fighting
 + Level 1.7 Short Blades
 + Level 4.9 Long Blades
 + Level 1.7 Axes
 + Level 4.9 Maces & Flails
 + Level 1.7 Polearms
 + Level 1.7 Staves
 + Level 1.7 Slings
 + Level 1.7 Bows
 + Level 1.7 Crossbows
 + Level 1.7 Throwing
 + Level 1.7 Armour
 + Level 3.1 Dodging
 + Level 2.9 Stealth
 + Level 1.7 Shields
 + Level 1.7 Unarmed Combat
 + Level 1.7 Spellcasting
 + Level 1.3 Conjurations
 + Level 1.3 Hexes
 + Level 1.3 Summonings
 + Level 1.3 Necromancy
 + Level 1.3 Translocations
 + Level 1.3 Transmutations
 + Level 1.3 Fire Magic
 + Level 1.3 Ice Magic
 + Level 1.3 Air Magic
 + Level 1.3 Earth Magic
 + Level 1.3 Poison Magic
 + Level 2.0 Invocations
 + Level 3.1 Evocations


You had 5 spell levels left.
You didn't know any spells.
Your spell library was empty.

Dungeon Overview and Level Annotations

Branches:
Dungeon (1/1)

Altars:


Innate Abilities, Weirdness & Mutations

Your experience applies equally to all skills.
You have very sharp teeth.
Your uncanny sense of smell can sniff out nearby items.


Message History

The wolf is lightly wounded.
The wolf bites you! The wolf bites you.
You hit the wolf.
The wolf is heavily wounded.
The wolf barely misses you. x2
You miss the wolf.
The wolf is heavily wounded.
The wolf closely misses you.
You riposte.
You barely miss the wolf.
The wolf is heavily wounded.
You hit the wolf.
The wolf is almost dead.
The wolf bites you! The wolf bites you.
* * * LOW HITPOINT WARNING * * *
You closely miss the wolf.
The wolf is almost dead.
The wolf barely misses you. The wolf completely misses you.
You closely miss the wolf.
The wolf is almost dead.
The wolf closely misses you. The wolf bites you!
You die...

▓...#......##
▓..##.......#∆∆
..#∆
▓##.##.##...#∆∆ ..#
##.##.###..# #..#
▓#.####.##..# ...+
▓.###..##..####...#
▓#.....##..###....#
###..##...##.....#
##..##....#..@...#
#..###..##.#..h..#
∆∆ #..# #..
####....# ▓▓▓▓ ▓▓▓
▓▓▓▓▓▓ ∆


You could see a wolf.

Vanquished Creatures
  A human (D)
  An ooze (D)
  3 rats (D)
5 creatures vanquished.

Vanquished Creatures (others)
  A plant (D)
1 creature vanquished.

Grand Total: 6 creatures vanquished

Notes
Turn   | Place    | Note
-------+----------+-------------------------------------------
     0 | D        | zazu2006 the Gnoll Wanderer began the quest for the Orb.
     0 | D        | zazu2006 set off with the following items: a +2 falchion, a
                  | +0 shortbow, 28 arrows, a wand of random effects (15), a +0
                  | robe, a potion of curing, a potion of heal wounds, a potion
                  | of haste, 2 potions of magic, a potion of berserk rage, a
                  | scroll of blinking
     0 | D        | Reached XP level 1. HP: 23/23 MP: 1/1
    11 | D        | Reached skill level 1 in Short Blades
    11 | D        | Reached skill level 1 in Axes
    11 | D        | Reached skill level 1 in Polearms
    11 | D        | Reached skill level 1 in Staves
    11 | D        | Reached skill level 1 in Slings
    11 | D        | Reached skill level 1 in Bows
    11 | D        | Reached skill level 1 in Crossbows
    11 | D        | Reached skill level 1 in Throwing
    11 | D        | Reached skill level 1 in Armour
    11 | D        | Reached skill level 1 in Shields
    11 | D        | Reached skill level 1 in Unarmed Combat
    11 | D        | Reached skill level 1 in Spellcasting
    11 | D        | Reached skill level 1 in Invocations
    45 | D        | Reached XP level 2. HP: 29/29 MP: 3/3
    71 | D        | Reached skill level 1 in Conjurations
    71 | D        | Reached skill level 1 in Hexes
    71 | D        | Reached skill level 1 in Summonings
    71 | D        | Reached skill level 1 in Necromancy
    71 | D        | Reached skill level 1 in Translocations
    71 | D        | Reached skill level 1 in Transmutations
    71 | D        | Reached skill level 1 in Fire Magic
    71 | D        | Reached skill level 1 in Ice Magic
    71 | D        | Reached skill level 1 in Air Magic
    71 | D        | Reached skill level 1 in Earth Magic
    71 | D        | Reached skill level 1 in Poison Magic
    71 | D        | Reached XP level 3. HP: 17/35 MP: 3/5
   269 | D        | Slain by a wolf

Illustrated notes

Levels and vault maps discovered:
D:        dungeon_sprint_mu [sprint_mu_entry_cave, sprint_mu_temple_rooms,
          sprint_mu_d1_horrors, sprint_mu_d2_genie, sprint_mu_d3_branching,
          sprint_mu_orc_legion, sprint_mu_elf_gauntlet, sprint_mu_hive_nellie,
          sprint_mu_lair_fedhas, sprint_mu_vaults_butterflies,
          sprint_mu_slime_circle, sprint_mu_swamp_cave, sprint_mu_shoals_kraken,
          sprint_mu_blade_basic, sprint_mu_crypt_lich, sprint_mu_tomb_spiral,
          sprint_mu_vestibule_basic, sprint_mu_gehenna_hellfire,
          sprint_mu_dis_giant, sprint_mu_tartarus_statrot,
          sprint_mu_cocytus_islands, sprint_mu_zot1]

Skill      XL: |  1  2 |
---------------+-------+-----
Short Blades   | 1 |  1.7
Axes           | 1 |  1.7
Polearms       | 1 |  1.7
Staves         | 1 |  1.7
Slings         | 1 |  1.7
Bows           | 1 |  1.7
Crossbows      | 1 |  1.7
Throwing       | 1 |  1.7
Armour         | 1 |  1.7
Shields        | 1 |  1.7
Unarmed Combat | 1 |  1.7
Spellcasting   | 1 |  1.7
Invocations    | 1 2 |  2.0
Dodging        | 3 |  3.1
Conjurations   | 1 |  1.3
Hexes          | 1 |  1.3
Summonings     | 1 |  1.3
Necromancy     | 1 |  1.3
Translocations | 1 |  1.3
Transmutations | 1 |  1.3
Fire Magic     | 1 |  1.3
Ice Magic      | 1 |  1.3
Air Magic      | 1 |  1.3
Earth Magic    | 1 |  1.3
Poison Magic   | 1 |  1.3
Evocations     | 3 |  3.1
Fighting       | |  6.7
Long Blades    | |  4.9
Maces & Flails | |  4.9
Stealth        | |  2.9

Action                   || total
-------------------------++-------
Melee: Falchion          ||    20
Throw: Boomerang         ||     4
  Use: Potion            ||     1
 Stab: Sleeping          ||     3
Dodge: Dodged            ||    12
       Rpst.: Falchion   ||     3

Table legend: (Time is in decaauts)
 A = Elapsed time spent in this place.
 B = Non-inter-level travel time spent in this place.
 C = Inter-level travel time spent in this place.
 D = Time resting spent in this place.
 E = Time spent auto-exploring this place.
 F = Levels seen in this place.
 G = Mean time per level.
                   A        B        C        D        E       F      G
               +--------+--------+--------+--------+--------+-----+--------+
         Total |    277 |    277 |      0 |    188 |      0 |   1 |  277.0 |
       Dungeon |    277 |    277 |      0 |    188 |      0 |   1 |  277.0 |
               +--------+--------+--------+--------+--------+-----+--------+

Top non-repeatable levels by time:
       D: 277 daAuts
